 Dungeon Crawl Stone Soup version 0.30-a0-793-g160f7cfddd (webtiles) character file.

Game seed: 7983055768779469434

4 Ceno the Shield-Bearer (level 1, 18/18 HPs)
             Began as a Formicid Fighter on Feb 20, 2023.
             Quit the game on level 1 of the Dungeon.
             The game lasted 00:00:41 (165 turns).

Ceno the Shield-Bearer (Formicid Fighter)            Turns: 165, Time: 00:00:42

Health: 18/18      AC:  6    Str: 20    XL:     1   Next: 77%
Magic:  1/1        EV:  9    Int:  7    God:
Gold:   10         SH:  5    Dex: 13    Spells: 0/0 levels left

rFire   . . .      SeeInvis +    a - +0 flail
rCold   . . .      Faith    .    c - +0 buckler
rNeg    . . .      Spirit   .    b - +0 scale mail
rPois   .          Reflect  .    (helmet unavailable)
rElec   .          Harm     .    (no cloak)
rCorr   .          Rampage  .    (no gloves)
Will    .....                    (no boots) Stlth
                                 (no amulet)
HPRegen 0.23/turn                (no ring)
MPRegen 0.07/turn                (no ring)

@: no status effects
A: permanent stasis, dig shafts and tunnels, antennae 3, four strong arms
a: Dig, Shaft Self


You were on level 1 of the Dungeon.
You visited 1 branch of the dungeon, and saw 1 of its levels.

You collected 10 gold pieces.

Inventory:

Hand Weapons
 a - a +0 flail (weapon)
Armour
 b - a +0 scale mail (worn)
 c - a +0 buckler (worn)
Potions
 d - a potion of might
 e - a potion of brilliance {unknown}


   Skills:
 + Level 3.4 Fighting
 * Level 2.3 Maces & Flails
 - Level 3.2 Armour
 - Level 4.0 Shields


You couldn't memorise any spells.
You didn't know any spells.
Your spell library was empty.

Dungeon Overview and Level Annotations

Branches:
Dungeon (1/15)

Altars:


Innate Abilities, Weirdness & Mutations

You cannot be hasted, slowed, berserked, paralysed or teleported.
You can dig through walls and to a lower floor.
You have a pair of large antennae on your head. (SInv)
Your four strong arms can wield two-handed weapons with a shield.


Message History

The bat closely misses you.
There is an open door here.
You closely miss the bat. The bat hits you but does no damage.
You completely miss the ball python. The ball python barely misses you.
The ball python grabs you. The ball python constricts you.
You sock the ball python!
You kill the ball python!
The bat barely misses you. The bat barely misses you.
You barely miss the bat. The bat hits you but does no damage. The bat hits you.
You block the bat's attack.
You barely miss the bat. The bat hits you but does no damage.
The bat hits you but does no damage.
There is an open door here.
You thump the bat!
You kill the bat!
No target in view!
There is an open door here.
You start waiting.
Done waiting.
There is an open door here.
Found a red potion.
You now have 10 gold pieces.
The ball python hisses angrily.
You closely miss the ball python. The ball python bites you.
The ball python grabs you. The ball python constricts you.
The ball python bites you. The ball python constricts you.
You closely miss the ball python.
The ball python bites you but does no damage.
The ball python constricts you.
You hit the ball python.
You kill the ball python!
e - a red potion
Found a stone staircase leading down.
You open the large door.
An endoplasm comes into view.
The endoplasm quivers.
You sock the endoplasm!
You kill the endoplasm!
Are you sure you want to abandon this character and quit the game? (Confirm with "yes".)

#########
........#
........# .
........# ...
........##.....
.......@''....+
###.....##....#
##......########
#>..............
.######.########
#......#######
#.#..........# {
#.........##.##
#####.##.###..#


There were no monsters in sight!

Vanquished Creatures
  A bat (D:1)
  An endoplasm (D:1)
  2 ball pythons (D:1)
4 creatures vanquished.

Notes
Turn   | Place    | Note
-------+----------+-------------------------------------------
     0 | D:1      | Ceno the Formicid Fighter began the quest for the Orb.
     0 | D:1      | Reached XP level 1. HP: 18/18 MP: 1/1
   165 | D:1      | Quit the game

Illustrated notes

Levels and vault maps discovered:
D:1:      minmay_arrival_doors, layout_basic, minmay_misc_feat_five

Action                     || total
---------------------------++-------
  Melee: Flail             ||    10
 Armour: Scale mail        ||     5
  Dodge: Dodged            ||     4
  Block: Buckler           ||     1

Table legend: (Time is in decaauts)
 A = Elapsed time spent in this place.
 B = Non-inter-level travel time spent in this place.
 C = Inter-level travel time spent in this place.
 D = Time resting spent in this place.
 E = Time spent auto-exploring this place.
 F = Levels seen in this place.
 G = Mean time per level.
                   A        B        C        D        E       F      G
               +--------+--------+--------+--------+--------+-----+--------+
         Total |    168 |    168 |      0 |    100 |      0 |   1 |  168.0 |
       Dungeon |    168 |    168 |      0 |    100 |      0 |   1 |  168.0 |
               +--------+--------+--------+--------+--------+-----+--------+

Top non-repeatable levels by time:
     D:1: 168 daAuts
